AoeStats
← Replay960

Highland

503871015Analyzed
4v4 RM · 1mo ago on Sep 2, 2026· 49m 29s· 8 players
Game mode
Random Map
Map size
Large (8 player)
Population
200
Speed
Normal
Resources
Standard
Victory
Conquest
Starting age
Dark Age
Ending age
Imperial Age
RankedLock teamsTeams togetherTeam positionsShared explorationLock speedFull tech treeHidden civsTurbo modeCheats
Victory
Defeat
🇧🇪 Burgundians · Belgium
938
+12
🇫🇷 Britons · France
932
+13
🇪🇸 Khmer · Spain
905
+14
🇵🇱 Japanese · Poland
892
+35
🇩🇪 Khitans · Germany
951
-18
🇩🇪 Vikings · Germany
891
-15
🇺🇸 Maya · United States
838
-12
🇩🇪 Romans · Germany
754
-9
Replay960
10:40 Feudal Age
14:22 Castle Age
13:55 Double-Bit Axe
24:27 Bow Saw
25:09 Gold Mining
29:07 Gold Shaft Mining
29:08 Stone Mining
29:27 Caravan
31:05 Stone Shaft Mining
33:02 Imperial Age
32:22 Wheelbarrow
31:32 Town Watch
31:33 Loom
32:56 Horse Collar
33:38 Ballistics
33:29 Forging
33:25 Scale Barding Armor
33:13 Heavy Scorpion
33:56 Husbandry
34:08 Bloodlines
33:20 Cavalier
33:20 Light Cavalry
34:15 Town Patrol
36:22 Chemistry
36:00 Iron Casting
36:58 Chain Barding Armor
36:57 Siege Engineers
38:10 Blast Furnace
40:06 Plate Barding Armor
40:39 Conscription
43:26 Hussar
45:02 Double Crossbow
bundy
4:11 Double-Bit Axe
13:18 Feudal Age
11:53 Horse Collar
18:00 Castle Age
16:38 Heavy Plow
17:00 Bow Saw
16:44 Gold Mining
18:31 Wheelbarrow
19:43 Two-Man Saw
20:15 Crop Rotation
20:38 Gold Shaft Mining
21:15 Stone Mining
22:44 Stone Shaft Mining
23:38 Hand Cart
31:55 Loom
34:59 Imperial Age
33:53 Forging
33:43 Scale Mail Armor
33:49 Scale Barding Armor
33:52 Murder Holes
34:19 Ballistics
33:52 Fletching
34:25 Pikeman
35:07 Squires
34:52 Arson
35:45 Iron Casting
35:59 Chain Mail Armor
36:46 Chemistry
36:02 Burgundian Vineyards
36:23 Chain Barding Armor
35:25 Cavalier
36:08 Husbandry
36:24 Padded Archer Armor
38:00 Blast Furnace
36:57 Bodkin Arrow
38:10 Plate Barding Armor
38:10 Caravan
38:22 Guilds
37:59 Paladin
39:41 Halberdier
40:54 Plate Mail Armor
40:59 Leather Archer Armor
43:30 Light Cavalry
44:34 Hussar
45:17 Bracer
u
10:47 Feudal Age
11:47 Double-Bit Axe
12:18 Horse Collar
14:43 Castle Age
15:49 Bow Saw
15:40 Heavy Plow
22:05 Wheelbarrow
22:43 Loom
23:13 Town Watch
24:16 Hand Cart
24:34 Stone Mining
24:35 Gold Mining
29:26 Imperial Age
27:14 Fletching
27:45 Ballistics
28:03 Squires
27:48 Arson
28:00 Bodkin Arrow
28:06 Treadmill Crane
28:56 Scale Mail Armor
29:06 Forging
28:49 Guard Tower
29:07 Yasama
29:27 Capped Ram
30:24 Chain Mail Armor
30:33 Siege Engineers
30:49 Bracer
32:25 Caravan
31:53 Elite Samurai
33:41 Plate Mail Armor
33:47 Iron Casting
34:00 Kataparuto
34:55 Keep
34:06 Arrowslits
35:22 Chemistry
34:46 Town Patrol
36:19 Blast Furnace
35:40 Conscription
35:53 Murder Holes
36:08 Masonry
36:57 Gold Shaft Mining
38:58 Two-Man Saw
39:24 Hoardings
39:29 Coinage
48:59 Spies/Treason
Recoom06
10:38 Feudal Age
8:56 Loom
10:42 Feudal Age
15:02 Castle Age
24:04 Double-Bit Axe
24:04 Horse Collar
28:41 Bow Saw
28:35 Heavy Plow
29:29 Wheelbarrow
28:41 Town Watch
28:49 Fletching
31:33 Imperial Age
30:20 Bodkin Arrow
30:22 Gold Mining
31:13 Padded Archer Armor
31:36 Elite Longbowman
32:36 Conscription
32:18 Bracer
33:07 Leather Archer Armor
36:53 Ring Archer Armor
38:20 Ballistics
39:00 Chemistry
38:06 Siege Engineers
38:11 Warwolf
43:47 Conscription
44:05 Hand Cart
43:51 Town Patrol
44:44 Caravan
45:30 Murder Holes
45:46 Masonry
45:23 Arrowslits
David Ygra
3:37 Loom
12:22 Feudal Age
19:27 Wheelbarrow
22:33 Castle Age
20:17 Domestication
20:52 Stone Mining
22:34 Double-Bit Axe
23:14 Pastoralism
25:13 Bow Saw
26:30 Stone Shaft Mining
25:50 Gold Mining
26:23 Town Watch
28:01 Scale Barding Armor
28:08 Forging
32:48 Imperial Age
30:28 Pikeman
34:06 Elite Skirmisher
38:03 Fletching
38:14 Padded Archer Armor
38:34 Chain Barding Armor
38:51 Iron Casting
39:40 Conscription
39:51 Bodkin Arrow
40:12 Leather Archer Armor
Wilh3lm
0:53 Loom
11:04 Feudal Age
11:39 Double-Bit Axe
11:50 Horse Collar
17:53 Castle Age
16:18 Man-at-Arms
19:14 Heavy Plow
19:26 Bow Saw
22:06 Forging
21:57 Scale Mail Armor
21:48 Fletching
25:30 Long Swordsman
25:56 Gambesons
26:11 Squires
25:57 Arson
26:52 Iron Casting
26:13 Bodkin Arrow
26:34 Chain Mail Armor
28:01 Town Watch
32:10 Imperial Age
32:18 Chieftains
32:57 Caravan
33:06 Two-Handed Swordsman
35:07 Champion
38:54 Blast Furnace
40:50 Conscription
43:23 Plate Mail Armor
46:57 Crossbowman
Ragnar Blood River
11:58 Feudal Age
18:52 Castle Age
25:17 Man-at-Arms
25:58 Squires
26:00 Scale Mail Armor
26:10 Forging
27:05 Long Swordsman
41:07 Imperial Age
40:00 Pikeman
41:17 Legionary
messman2020
0:37 Loom
12:11 Feudal Age
15:37 Double-Bit Axe
15:38 Horse Collar
18:22 Castle Age
18:18 Gold Mining
18:20 Stone Mining
20:36 Wheelbarrow
20:08 Town Watch
20:47 Bow Saw
23:34 Fervor
25:08 Town Patrol
26:01 Padded Archer Armor
27:40 Fletching
29:47 Fortified Wall
31:12 Ballistics
33:04 Bodkin Arrow
33:25 Leather Archer Armor
Connection lost

Rejoining the realm…

Still unreachable

The connection could not be restored.

Session expired

The server has moved on; the page needs a fresh start.